 Dungeon Crawl Stone Soup version 0.31-a0-799-g6bc09d010c (webtiles) character file.

Game seed: 3874904830851550297

226 riojii the Ruffian (level 6, 0/41 HPs)
             Began as an Octopode Shapeshifter on Sept 20, 2023.
             Slain by Crazy Yiuf
             ... wielding a +4 quarterstaff of chaos
              (11 damage)
             ... on level 2 of the Dungeon.
             The game lasted 00:02:37 (1691 turns).

riojii the Ruffian (Octopode Shapeshifter)          Turns: 1691, Time: 00:02:38

Health: 0/41       AC:  0    Str: 15    XL:     6   Next: 1%
Magic:  6/6        EV: 14    Int: 13    God:
Gold:   138        SH:  0    Dex: 11    Spells: 5/5 levels left

rFire   . .          .
                       - Unarmed
rCold   . . .        (shield currently unavailable)
rNeg    . . .        (helmet currently unavailable)
rPois   .            (no amulet)
rElec   .            (ring currently unavailable)
rCorr   .            (ring currently unavailable)
SInv    .            (ring currently unavailable)
Will    .....        (ring currently unavailable)
Stlth   +            (ring currently unavailable)
HPRegen 0.26/turn    (ring currently unavailable)
MPRegen 0.10/turn    (ring currently unavailable)
                     (ring currently unavailable)

%: no passive effects
@: pig-form, very quick
A: fast, no casting, almost no armour, (amphibious), (8 rings), small,
(camouflage 1), (gelatinous body 1), (nimble swimmer 1), (tentacles)
a: no special abilities


You were on level 2 of the Dungeon.
You were a filthy swine.
You visited 1 branch of the dungeon, and saw 2 of its levels.

You collected 138 gold pieces.

Inventory:

Talismans
 b - a beast talisman
 c - a flux talisman
Scrolls
 g - 3 scrolls of identify
Potions
 a - 2 potions of lignification
 h - a potion of heal wounds


   Skills:
 + Level 2.5 Fighting
 + Level 3.2 Dodging
 * Level 4.7 Unarmed Combat
 + Level 3.7 Shapeshifting


You had 5 spell levels left.
You didn't know any spells.
Your spell library contained the following spells:

 Spells                   Type           Power      Damage    Failure   Level
 Shock                    Conj/Air       0%         1d3       30%         1
 Call Canine Familiar     Summ           0%         N/A       67%         3
 Sigil of Binding         Hex            0%         N/A       67%         3
 Swiftness                Air            0%         N/A       67%         3
 Airstrike                Air            0%         2d(0-16)  97%         4
 Dimensional Bullseye     Hex/Tloc       0%         N/A       97%         4
 Leda's Liquefaction      Hex/Erth       0%         N/A       97%         4


Dungeon Overview and Level Annotations

Branches:
Dungeon (2/15)

Altars:
Sif Muna

Shops:
D:2 ((=

Annotations:
D:2 Crazy Yiuf


Innate Abilities, Weirdness & Mutations

You are a filthy swine.
You move quickly.
Your equipment is almost entirely melded.
You are incapable of wielding weapons or throwing items.
You cannot cast spells.
You cannot wear most types of armour.
((You are amphibious.))
((You can wear up to eight rings at the same time.))
((Your skin changes colour to match your surroundings (Stealth+).))
((Your rubbery body absorbs attacks. (AC +1, EV +1)))
((You are camouflaged when in or above water. (Stealth+)))
((You have tentacles for arms and can constrict up to eight enemies at once.))


Message History

Found a shimmering blue altar of Sif Muna.
Found an escape hatch in the floor.
Found a ring mail.
There is an escape hatch in the floor here.
Found a stone staircase leading down.
No target in view!
No target in view!
No target in view!
There is a stone staircase leading down here.
You see here a +0 club.
Found a mace.
You see here a +0 mace.
Key pressed, stopping explore.
Could not explore, unopened runed door.
Search for what [Enter for "d:1", or ? for help]? d:2 You open the door.
There is an open translucent door here.
Crazy Yiuf shouts!
Crazy Yiuf hits you with a +4 quarterstaff of chaos!
Crazy Yiuf freezes you.
You bludgeon Crazy Yiuf! Your grab misses Crazy Yiuf. You squeeze Crazy Yiuf.
Crazy Yiuf is heavily wounded.
Crazy Yiuf barely misses you.
You tentacle-slap Crazy Yiuf. Your grab misses Crazy Yiuf.
Crazy Yiuf is almost dead.
Crazy Yiuf cries, "Gnoll horse broken!"
Crazy Yiuf zaps a wand.
Your transformation has ended.
You turn into a filthy swine.
You closely miss Crazy Yiuf.
Crazy Yiuf is almost dead.
Crazy Yiuf hits you with a +4 quarterstaff of chaos!!
* * * LOW HITPOINT WARNING * * *
You barely miss Crazy Yiuf.
Crazy Yiuf is almost dead.
Crazy Yiuf closely misses you.
You barely miss Crazy Yiuf.
Crazy Yiuf is almost dead.
Crazy Yiuf hits you with a +4 quarterstaff of chaos!
You die...

.#.# .#.# .#.# .#.#
.#.# .#.#########
.#.##....#.########
.#........#..##...#
.##......####.'.hg#
.#<.....## ###..)#
.#.###### #####
.#...# ######


You could see Crazy Yiuf.

Vanquished Creatures
  Sigmund (D:2)
  2 adders (D:2)
  3 dart slugs
  4 ball pythons (D:1)
  5 endoplasms
  A giant cockroach (D:2)
  3 goblins
  2 hobgoblins
  4 jackals (D:2)
  4 kobolds
  2 quokkas (D:1)
  7 bats
  5 frilled lizards
43 creatures vanquished.

Notes
Turn   | Place    | Note
-------+----------+-------------------------------------------
     0 | D:1      | riojii the Octopode Shapeshifter began the quest for the
                  | Orb.
     0 | D:1      | Reached XP level 1. HP: 13/13 MP: 1/1
   220 | D:1      | You fall into a shaft and drop 1 floor!
   300 | D:2      | Reached XP level 2. HP: 16/18 MP: 2/2
   483 | D:1      | Reached XP level 3. HP: 23/23 MP: 3/3
   572 | D:1      | Found a faded altar of an unknown god.
   982 | D:2      | Found Umoc's Weapon Boutique.
  1044 | D:2      | Found Wupligyo's Antique Weapon Boutique.
  1044 | D:2      | Noticed Sigmund
  1051 | D:2      | Killed Sigmund
  1052 | D:2      | Reached skill level 4 in Unarmed Combat
  1052 | D:2      | Reached XP level 4. HP: 22/30 MP: 4/4
  1052 | D:2      | Reached XP level 5. HP: 26/35 MP: 5/5
  1110 | D:2      | Identified the +10 hand axe "Gupubail" {drain, Str-4 Int+4
                  | SInv}
  1364 | D:2      | Found a runed translucent door.
  1365 | D:2      | Noticed Crazy Yiuf
  1417 | D:2      | Found Locemub's Jewellery Shop.
  1468 | D:2      | Reached XP level 6. HP: 34/41 MP: 6/6
  1508 | D:2      | Found a shimmering blue altar of Sif Muna.
  1691 | D:2      | Slain by Crazy Yiuf

Illustrated notes

Levels and vault maps discovered:
D:1:      heliophobic_arrival_dark_side_of_the_moon, layout_loops_ring,
          shapermc_ecumenical_altar_mp_vishouse
D:2:      layout_basic, serial_forest, infiniplex_forest_zigzag_1,
          infiniplex_forest_end_1, infiniplex_forest_fountain,
          infiniplex_forest_clump_medium, basic_altar, serial_shops, shop,
          nicolae_shop_rolling_square, nicolae_shop_rolling_square,
          minivault_19, uniq_crazy_yiuf_cottage, uniq_sigmund

Skill      XL: |  1  2  3 |
---------------+----------+-----
Fighting       | 2 |  2.5
Dodging        | 3 |  3.2
Unarmed Combat | 4 |  4.7
Shapeshifting  | |  3.7

Action                     |  1- 3 |  4- 6 || total
---------------------------+-------+-------++-------
  Melee: Unarmed           |    67 |    25 ||    92
         Constrict         |    13 |     3 ||    16
         Tentacles         |    14 |     3 ||    17
         Punch             |     2 |       ||     2
    Use: Scroll            |     4 |       ||     4
   Stab: Sleeping          |     7 |     2 ||     9
         Distracted        |       |     1 ||     1
 Armour: Skin              |    21 |    23 ||    44
  Dodge: Dodged            |    34 |    18 ||    52

Table legend: (Time is in decaauts)
 A = Elapsed time spent in this place.
 B = Non-inter-level travel time spent in this place.
 C = Inter-level travel time spent in this place.
 D = Time resting spent in this place.
 E = Time spent auto-exploring this place.
 F = Levels seen in this place.
 G = Mean time per level.
                   A        B        C        D        E       F      G
               +--------+--------+--------+--------+--------+-----+--------+
         Total |   1684 |   1647 |     37 |      0 |   1371 |   2 |  842.0 |
       Dungeon |   1684 |   1647 |     37 |      0 |   1371 |   2 |  842.0 |
               +--------+--------+--------+--------+--------+-----+--------+

Top non-repeatable levels by time:
     D:2: 890 daAuts
     D:1: 794 daAuts
